cohdb
Replays
Latest Replays
All Replays
Popular Replays
Top Player Replays
Match Explorer
How It Works
Community
CoH3 Stats
Reddit
Sign in to upload your games and track your stats! →
Sign in with Steam
Match 36256919
Unlisted
Match 36256919
Overview
Messages
Build Orders
End
Kettenkrad Recon Vehicle
Construct Infanterie Kompanie
Selects Mechanized Battlegroup
Selects Mechanized Battlegroup
MG 42 Machine Gun Team
GrW 34 Mortar Team
MG 42 Machine Gun Team
Construct Luftwaffe Kompanie
Support Elements
MG 42 Machine Gun Team
MG 42 Machine Gun Team
Kettenkrad Recon Vehicle
Selects Spotting Scopes
Selects Stoßtruppen Assault Package
Wirbelwind Flakpanzer
Wirbelwind Flakpanzer
MG 42 Machine Gun Team
Kettenkrad Recon Vehicle
Construct Panzer Kompanie
Selects Zeroing Artillery Barrage
Zeroing Artillery Barrage
MG 42 Machine Gun Team
Selects Raid Package
Panzer IV Medium Tank
Pioneer Squad
Zeroing Artillery Barrage
Selects 8 Rad Armored Car
Selects UNKNOWN (2160084)
Panther Heavy Tank
Panther Heavy Tank
nq8054
Naoned [FR]
BlackStormIV
MSZW
Dahlian
Tango
Turtleboy
GoonLord
0
0
Comments
sign in to comment!
No comments posted yet!